 Dungeon Crawl Stone Soup version 0.25-a0-544-gee0576305d (webtiles) character file.

Game seed: 4760673634151910151, levelgen mode: deterministic

165 Esekla the Magician (level 5, -1/28 HPs)
             Began as a Deep Elf Wizard on Feb 19, 2020.
             Killed from afar by an orc (12 damage)
             ... with an iceblast
             ... on level 4 of the Dungeon on Feb 20, 2020.
             The game lasted 00:21:24 (3440 turns).

Esekla the Magician (Deep Elf Wizard)               Turns: 3440, Time: 00:21:24

Health: -1/28      AC:  2    Str:  5    XL:     5   Next: 22%
Magic:  15/16      EV: 28    Int: 23    God:
Gold:   141        SH:  0    Dex: 13    Spells: 8/17 levels left

rFire    . . .     SeeInvis +   e - +0 dagger
rCold    . . .     Gourm    .   (no shield)
rNeg     . . .     Faith    .   a - +0 robe
rPois    .         Spirit   .   b - +0 hat
rElec    .         Reflect  .   (no cloak)
rCorr    .         Harm     .   (no gloves)
MR       .....                  (no boots)
Stlth    ++........             k - amulet of the acrobat
HPRegen  0.09/turn              i - ring of see invisible
MPRegen  0.15/turn              p - ring of wizardry

@: acrobat
A: no striking features
a: no special abilities


You were on level 4 of the Dungeon.
You were not hungry.

You visited 1 branch of the dungeon, and saw 4 of its levels.

You collected 141 gold pieces.

Inventory:

Hand Weapons
 e - a +0 dagger (weapon)
Missiles
 m - 42 poisoned darts (quivered)
Armour
 a - a +0 robe (worn)
 b - a +0 hat (worn)
Jewellery
 i - a ring of see invisible (left hand)
 k - an amulet of the acrobat (around neck)
 p - a ring of wizardry (right hand)
Wands
 r - a wand of disintegration (11)
Scrolls
 c - a scroll of fog {unknown}
 f - 3 scrolls of identify {unknown}
 g - 2 scrolls of random uselessness {unknown}
 j - 2 scrolls of enchant weapon {unknown}
 l - 3 scrolls of amnesia {unknown}
 n - a scroll of noise {unknown}
 q - 2 scrolls of fear {unknown}
 v - a scroll of remove curse {unknown}
Potions
 h - a potion of ambrosia {unknown}
 o - a potion of heal wounds {unknown}
 s - a potion of berserk rage {unknown}
 t - 2 potions of curing {unknown}
 u - a potion of mutation {unknown}
 x - a potion of brilliance {unknown}
Comestibles
 d - 3 rations


   Skills:
 * Level 3.2 Dodging
 - Level 2.4 Stealth
 * Level 6.6 Spellcasting
 + Level 2.1 Conjurations
   Level 1.1 Summonings
 + Level 2.0 Translocations
 * Level 0.3 Air Magic
 * Level 1.1 Poison Magic


You had 8 spell levels left.
You knew the following spells:

 Your Spells              Type           Power        Failure   Level  Hunger
a - Magic Dart            Conj           ###.         1%          1    None
b - Blink                 Tloc           N/A          2%          2    None
c - Mephitic Cloud        Conj/Pois/Air  ##......     6%          3    None
f - Conjure Flame         Conj/Fire      ##......     6%          3    None

Your spell library contained the following spells:

 Spells                   Type           Power        Failure   Level  Hunger
 Call Imp                 Summ           ##......     3%          2    None
 Slow                     Hex            #.......     4%          2    None


Dungeon Overview and Level Annotations

Branches:
Dungeon (4/15)
 Temple: D:4-7

Altars:

Annotations:
D:4 Robin


Message History

The orc is wielding a +0 morningstar and carrying a wand of iceblast (10).
The orc shouts!
You hear a shout!
Casting: Magic Dart (safe; 1% risk of failure)
Confirm with . or Enter, or press ? or * to list all spells.
Aiming: Magic Dart (safe; 1% risk of failure)
Press: ? - help, Shift-Dir - straight line, f - ball python
Aim: a ball python The magic dart hits the ball python.
You kill the ball python!
The orc zaps a wand.
The mass of ice explodes!
The iceblast engulfs you!
Ouch! That really hurt!
You hear a shout!
Casting: Magic Dart (safe; 1% risk of failure)
Confirm with . or Enter, or press ? or * to list all spells.
Aiming: Mephitic Cloud (safe; 6% risk of failure)
Press: ? - help, Shift-Dir - straight line
Okay, then.
An orc comes into view. It is wielding a +0 hand axe.
The orc zaps a wand.
The mass of ice explodes!
The iceblast engulfs you!
You die...

.............###.##
#......##...## ##.######
#>..........# ##.†...#
#.....†.#...# ##.####.#
.........#...###.## .#
.......#......#..# .#
.....#...#...#.#.# .#
#)..###.###.####.#####.#
.##.# .# #.....@†..oo.o
.##.# .# #..###.####...
.##.# .# # #.# .##.# #.#
..... #.# ## .# #.# ..#
###


You could see an orc wizard and 2 orcs.

Vanquished Creatures
  An orc wizard (D:3)
  6 adders
  An ooze (D:3)
  2 worms (D:2)
  3 dart slugs (D:1)
  A leopard gecko (D:3)
  3 orcs (D:4)
  3 ball pythons
  5 bats
  5 giant cockroaches
  9 goblins
  11 hobgoblins
  3 frilled lizards
  5 kobolds
  9 rats
67 creatures vanquished.

Notes
Turn   | Place    | Note
-------+----------+-------------------------------------------
     0 | D:1      | Esekla the Deep Elf Wizard began the quest for the Orb.
     0 | D:1      | Reached XP level 1. HP: 10/10 MP: 7/7
   358 | D:1      | Reached skill level 5 in Spellcasting
   389 | D:1      | Reached XP level 2. HP: 14/15 MP: 8/10
   626 | D:2      | Learned a level 2 spell: Blink
   657 | D:2      | Reached XP level 3. HP: 19/19 MP: 7/12
  1075 | D:1      | Upgraded the game from 0.25-a0-528-g6b7c99946c to
                  | 0.25-a0-544-gee0576305d
  1168 | D:2      | Learned a level 3 spell: Mephitic Cloud
  1172 | D:2      | Learned a level 3 spell: Conjure Flame
  1508 | D:2      | Reached skill level 6 in Spellcasting
  1736 | D:3      | Reached XP level 4. HP: 21/24 MP: 10/14
  2275 | D:4      | Noticed Robin
  2704 | D:3      | Reached XP level 5. HP: 26/28 MP: 3/16
  3284 | D:4      | Reached skill level 1 in Poison Magic
  3440 | D:4      | Killed from afar by an orc

Levels and vault maps discovered:
D:1:      minmay_arrival_split_and_join, layout_basic, minmay_bisected
D:2:      layout_loops_ring, first_ration
D:3:      layout_basic, kennysheep_small_spiral, roderic_lattice_a
D:4:      layout_loops_ring, minmay_temple_entry_large_hall, serial_shops,
          kennysheep_mini_moat, ebering_ghost_inner_flame, uniq_robin

Skill      XL: |  1  2  3  4  5 |
---------------+----------------+-----
Spellcasting   | 5 6 |  6.6
Dodging        | 3 |  3.2
Conjurations   | 2 |  2.1
Translocations | 2 |  2.0
Poison Magic   | 1 |  1.1
Stealth        | |  2.4
Summonings     | |  1.1
Air Magic      | |  0.3

Action                   |  1- 3 |  4- 6 || total
-------------------------+-------+-------++-------
Melee: Dagger            |    36 |    29 ||    65
       Unarmed           |     1 |       ||     1
Throw: Dart              |       |     1 ||     1
 Cast: Magic Dart        |    84 |    61 ||   145
       Mephitic Cloud    |     2 |     6 ||     8
       Conjure Flame     |     2 |       ||     2
       Blink             |       |     4 ||     4
 Stab: Sleeping          |     6 |     2 ||     8
       Confused          |       |     1 ||     1
  Eat: Chunk             |     2 |     6 ||     8
Armor: Robe              |     9 |    11 ||    20
Dodge: Dodged            |    35 |    31 ||    66

Table legend:
 A = Non-vault XP
 B = Vault XP
 C = Vault XP percentage of total XP
 D = Non-vault monster count
 E = Vault monster count
 F = Vault count percentage of total count
                 A         B        C        D         E       F
            +---------+---------+-------+---------+---------+-------
      Total |     231 |       6 |   2.5 |      63 |       4 |   6.0
            +---------+---------+-------+---------+---------+-------
        D:1 |      35 |       6 |  14.6 |      17 |       4 |  19.0
        D:2 |      69 |       0 |   0.0 |      23 |       0 |   0.0
        D:3 |      86 |       0 |   0.0 |      15 |       0 |   0.0
        D:4 |      41 |       0 |   0.0 |       8 |       0 |   0.0
            +---------+---------+-------+---------+---------+-------
